TOP OF THE 1ST |
Texas (APP) Rangers batting - Pitching for Orem Owlz : RHP Bobby Cordova
|
Pitching: RHP Bobby Cordova
|
|
Batting: SHB Tim Rogers
|
0-0: Ball 1-0: Ball 2-0: Ball 3-0: Fly out, F7 (Flyball, 78D, EV 98.8 MPH)
|
Batting: LHB Tony Gutierrez
|
0-0: Ground out 4-3 (Groundball, 4, EV 88.1 MPH)
|
Batting: RHB Jerry Foster
|
0-0: Ball 1-0: Ball 2-0: Called Strike 2-1: Ball 3-1: Called Strike 3-2: Ground out 5-3 (Groundball, 5L, EV 85.6 MPH)
|
Top of the 1st over - 0 runs, 0 hits, 0 errors, 0 left on base; Texas (APP) 0 - Orem 0 |
BOTTOM OF THE 1ST |
Orem Owlz batting - Pitching for Texas (APP) Rangers : RHP Tony Gutierrez
|
Pitching: RHP Tony Gutierrez
|
|
Batting: RHB Kyle Gray
|
0-0: Fly out, F8 (Flyball, 8LM, EV 85.6 MPH)
|
Batting: RHB Fred Saxton
|
0-0: Ball 1-0: Called Strike 1-1: Fly out, F6 (Flyball, 56D, EV 89.4 MPH)
|
Batting: SHB Manuel Martinez
|
0-0: Called Strike 0-1: Ball 1-1: Ball 2-1: Called Strike 2-2: Strikes out swinging
|
Bottom of the 1st over - 0 runs, 0 hits, 0 errors, 0 left on base; Texas (APP) 0 - Orem 0 |
TOP OF THE 2ND |
Texas (APP) Rangers batting - Pitching for Orem Owlz : RHP Bobby Cordova
|
Batting: RHB Ryan Salas
|
0-0: Ball 1-0: Ball 2-0: Ball 3-0: Called Strike 3-1: Swinging Strike 3-2: Foul Ball, location: 2F 3-2: Ground out U3 (Groundball, 34S, EV 83.1 MPH)
|
Batting: RHB Robert Topete
|
0-0: Swinging Strike 0-1: Foul Ball, location: 2F 0-2: Ground out 3-1 (Groundball, 34, EV 103.1 MPH)
|
Batting: RHB Josh Shoemaker
|
0-0: Called Strike 0-1: Ball 1-1: Ball 2-1: DOUBLE (Flyball, 8RXD, EV 103.8 MPH)
|
Batting: RHB Torsten Fisher
|
0-0: Called Strike 0-1: Called Strike 0-2: Strikes out looking
|
Top of the 2nd over - 0 runs, 1 hit, 0 errors, 1 left on base; Texas (APP) 0 - Orem 0 |
BOTTOM OF THE 2ND |
Orem Owlz batting - Pitching for Texas (APP) Rangers : RHP Tony Gutierrez
|
Batting: RHB Daniel Molina
|
0-0: Ball 1-0: Ball 2-0: Ball 3-0: Called Strike 3-1: Base on Balls
|
Batting: RHB Shawn Jansen
|
0-0: Ball 1-0: Called Strike 1-1: Ball 2-1: Foul Ball, location: 2F 2-2: Ball 3-2: Fielders Choice at 2nd, 6-4 (Groundball, 6, EV 88.1 MPH)
|
Batting: LHB David Coatney
|
0-0: Ball 1-0: Foul Ball, location: 2F 1-1: Foul Ball, location: 2F 1-2: Ball 2-2: Foul Ball, location: 2F 2-2: Strikes out looking
|
Batting: RHB Jesse Sargent
|
0-0: Ball Shawn Jansen steals 2nd base 1-0: Foul Ball, location: 2F 1-1: Foul Ball, location: 2F 1-2: DOUBLE (Line Drive, 5D, EV 95.6 MPH) Shawn Jansen scores
|
Batting: LHB Kevin Feldman
|
0-0: Ball 1-0: Called Strike 1-1: Ground out 5-3 (Groundball, 5L, EV 85.0 MPH)
|
Bottom of the 2nd over - 1 run, 1 hit, 0 errors, 1 left on base; Texas (APP) 0 - Orem 1 |
TOP OF THE 3RD |
Texas (APP) Rangers batting - Pitching for Orem Owlz : RHP Bobby Cordova
|
Batting: RHB Pat Martin
|
0-0: Ball 1-0: Ball 2-0: Called Strike 2-1: Swinging Strike 2-2: Strikes out swinging
|
Batting: SHB Tyler Romo
|
0-0: Ball 1-0: Called Strike 1-1: Bunt - Flyout to 15S! F1
|
Batting: SHB Tim Rogers
|
0-0: Ball 1-0: Fly out, F8 (Flyball, 8LD, EV 103.1 MPH)
|
Top of the 3rd over - 0 runs, 0 hits, 0 errors, 0 left on base; Texas (APP) 0 - Orem 1 |
BOTTOM OF THE 3RD |
Orem Owlz batting - Pitching for Texas (APP) Rangers : RHP Tony Gutierrez
|
Batting: RHB Carlos Gonzales
|
0-0: Ball 1-0: Ball 2-0: Ball 3-0: Called Strike 3-1: Called Strike 3-2: Strikes out looking
|
Batting: RHB Kyle Gray
|
0-0: Called Strike 0-1: Fly out, F8 (Flyball, 78M, EV 96.2 MPH)
|
Batting: RHB Fred Saxton
|
0-0: Called Strike 0-1: Fly out, F8 (Flyball, 78D, EV 103.8 MPH)
|
Bottom of the 3rd over - 0 runs, 0 hits, 0 errors, 0 left on base; Texas (APP) 0 - Orem 1 |
TOP OF THE 4TH |
Texas (APP) Rangers batting - Pitching for Orem Owlz : RHP Bobby Cordova
|
Batting: LHB Tony Gutierrez
|
0-0: SINGLE (Groundball, 4D, EV 106.2 MPH)
|
Batting: RHB Jerry Foster
|
0-0: Swinging Strike 0-1: Swinging Strike 0-2: Fielders Choice at 2nd, 4-6 (Groundball, 4, EV 105.0 MPH)
|
Batting: RHB Ryan Salas
|
0-0: Ball 1-0: Called Strike Jerry Foster steals 2nd base (no throw) 1-1: Ground out 4-3 (Groundball, 34, EV 107.5 MPH) Jerry Foster to third
|
Batting: RHB Robert Topete
|
0-0: Ground out 6-3 (Groundball, 6MS, EV 92.5 MPH)
|
Top of the 4th over - 0 runs, 1 hit, 0 errors, 1 left on base; Texas (APP) 0 - Orem 1 |
BOTTOM OF THE 4TH |
Orem Owlz batting - Pitching for Texas (APP) Rangers : RHP Tony Gutierrez
|
Batting: SHB Manuel Martinez
|
0-0: Called Strike 0-1: Ball 1-1: Ball 2-1: Called Strike 2-2: SINGLE (Line Drive, 9S, EV 107.5 MPH)
|
Batting: RHB Daniel Molina
|
0-0: Swinging Strike 0-1: Called Strike 0-2: Strikes out swinging
|
Batting: RHB Shawn Jansen
|
0-0: Called Strike 0-1: Ball 1-1: Ball 2-1: Ball 3-1: Foul Ball, location: 2F 3-2: Base on Balls Manuel Martinez to second
|
Batting: LHB David Coatney
|
0-0: Called Strike 0-1: Ball 1-1: Ball 2-1: Grounds into double play, 3-6-3 (Groundball, 13, EV 88.8 MPH)
|
Bottom of the 4th over - 0 runs, 1 hit, 0 errors, 1 left on base; Texas (APP) 0 - Orem 1 |
TOP OF THE 5TH |
Texas (APP) Rangers batting - Pitching for Orem Owlz : RHP Bobby Cordova
|
Batting: RHB Josh Shoemaker
|
0-0: Called Strike 0-1: Ball 1-1: Foul Ball, location: 2F 1-2: Ball 2-2: Ball 3-2: SINGLE (Groundball, 6MS, EV 64.4 MPH) (infield hit)
|
Batting: RHB Torsten Fisher
|
0-0: Ball 1-0: Hit by Pitch Josh Shoemaker to second
|
Batting: RHB Pat Martin
|
0-0: Ball 1-0: Foul Ball, location: 2F 1-1: Swinging Strike 1-2: Foul Ball, location: 2F 1-2: Ball 2-2: Ball 3-2: Foul Ball, location: 2F 3-2: Base on Balls Josh Shoemaker to third Torsten Fisher to second
|
Batting: SHB Tyler Romo
|
0-0: Foul Ball, location: 2F 0-1: Fly out, F9 (Flyball, 9, EV 80.6 MPH)
|
Batting: SHB Tim Rogers
|
0-0: Called Strike 0-1: Ball 1-1: Ball 2-1: Called Strike 2-2: Foul Ball, location: 2F 2-2: Foul Ball, location: 2F 2-2: SINGLE (Groundball, 4D, EV 98.1 MPH) Josh Shoemaker scores Torsten Fisher to third Pat Martin to second
|
Batting: LHB Tony Gutierrez
|
0-0: Ball 1-0: Ball 2-0: Ball 3-0: Base on Balls Torsten Fisher scores Pat Martin to third Tim Rogers to second
|
Batting: RHB Jerry Foster
|
0-0: Ball 1-0: Ball 2-0: Ball 3-0: Base on Balls Pat Martin scores Tim Rogers to third Tony Gutierrez to second
|
Batting: RHB Ryan Salas
|
0-0: Swinging Strike 0-1: Ball 1-1: SINGLE (Groundball, 4, EV 100.6 MPH) Tim Rogers scores Tony Gutierrez to third Jerry Foster to second Runner from 3rd tries for Home, throw by CF and OUT! 8-2
|
Batting: RHB Robert Topete
|
0-0: Ball 1-0: Fielders Choice at 2nd, 6-4 (Groundball, 6, EV 86.9 MPH)
|
Top of the 5th over - 4 runs, 3 hits, 0 errors, 2 left on base; Texas (APP) 4 - Orem 1 |
BOTTOM OF THE 5TH |
Orem Owlz batting - Pitching for Texas (APP) Rangers : RHP Tony Gutierrez
|
Batting: RHB Jesse Sargent
|
0-0: Swinging Strike 0-1: Swinging Strike 0-2: Strikes out swinging
|
Batting: LHB Kevin Feldman
|
0-0: Called Strike 0-1: Swinging Strike 0-2: Strikes out swinging
|
Batting: RHB Carlos Gonzales
|
0-0: Ball 1-0: Swinging Strike 1-1: Ball 2-1: Foul Ball, location: 2F 2-2: Strikes out swinging
|
Bottom of the 5th over - 0 runs, 0 hits, 0 errors, 0 left on base; Texas (APP) 4 - Orem 1 |
TOP OF THE 6TH |
Texas (APP) Rangers batting - Pitching for Orem Owlz : RHP Bobby Cordova
|
Pitching: RHP Carlos Olbera
|
|
Batting: RHB Josh Shoemaker
|
0-0: Foul Ball, location: 2F 0-1: Foul Ball, location: 2F 0-2: Ball 1-2: Ground out 1-3 (Groundball, 13S, EV 73.1 MPH)
|
Batting: RHB Torsten Fisher
|
0-0: Called Strike 0-1: Called Strike 0-2: Ball 1-2: Ball 2-2: Ball 3-2: Base on Balls
|
Batting: RHB Pat Martin
|
0-0: Called Strike 0-1: Ball 1-1: Foul Ball, location: 2F 1-2: Foul Ball, location: 2F 1-2: Foul Ball, location: 2F 1-2: Strikes out swinging
|
Batting: SHB Tyler Romo
|
0-0: Called Strike 0-1: Foul Ball, location: 2F 0-2: Ball Torsten Fisher steals 2nd base 1-2: Foul Ball, location: 2F 1-2: Ball 2-2: Ball 3-2: DOUBLE (Line Drive, 9LM, EV 88.1 MPH) Torsten Fisher scores
|
Batting: SHB Tim Rogers
|
0-0: Intentional Walk
|
Batting: LHB Tony Gutierrez
|
0-0: Ball 1-0: Foul Ball, location: 2F 1-1: Swinging Strike 1-2: Ball 2-2: Strikes out swinging
|
Top of the 6th over - 1 run, 1 hit, 0 errors, 2 left on base; Texas (APP) 5 - Orem 1 |
BOTTOM OF THE 6TH |
Orem Owlz batting - Pitching for Texas (APP) Rangers : RHP Tony Gutierrez
|
Batting: RHB Kyle Gray
|
0-0: Foul Ball, location: 2F 0-1: Ground out 5-3 (Groundball, 56, EV 101.9 MPH)
|
Batting: RHB Fred Saxton
|
0-0: Foul Ball, location: 2F 0-1: Ball 1-1: Ball 2-1: Foul Ball, location: 2F 2-2: Ball 3-2: Strikes out looking
|
Batting: SHB Manuel Martinez
|
0-0: Ball 1-0: Foul Ball, location: 2F 1-1: Swinging Strike 1-2: Ball 2-2: Ball 3-2: Foul Ball, location: 2F 3-2: Ground out 4-3 (Groundball, 4, EV 95.6 MPH)
|
Bottom of the 6th over - 0 runs, 0 hits, 0 errors, 0 left on base; Texas (APP) 5 - Orem 1 |
TOP OF THE 7TH |
Texas (APP) Rangers batting - Pitching for Orem Owlz : RHP Carlos Olbera
|
Pitching: RHP Jim Sawicki
|
|
Batting: RHB Jerry Foster
|
0-0: Foul Ball, location: 2F 0-1: Swinging Strike 0-2: Foul Ball, location: 2F 0-2: Foul Ball, location: 2F 0-2: Ball 1-2: Ball 2-2: Fly out, F8 (Flyball, 8LD, EV 82.5 MPH)
|
Batting: RHB Ryan Salas
|
0-0: Foul Ball, location: 2F 0-1: Hit by Pitch
|
Batting: RHB Robert Topete
|
0-0: Ball 1-0: Ball 2-0: Fly out, F8 (Flyball, 8RS, EV 96.2 MPH)
|
Batting: RHB Josh Shoemaker
|
0-0: Ball 1-0: Ball 2-0: Ball 3-0: Called Strike 3-1: Foul Ball, location: 2F 3-2: Foul Ball, location: 2F 3-2: Foul Ball, location: 2F 3-2: Fly out, F8 (Flyball, 89D, EV 105.6 MPH)
|
Top of the 7th over - 0 runs, 0 hits, 0 errors, 1 left on base; Texas (APP) 5 - Orem 1 |
BOTTOM OF THE 7TH |
Orem Owlz batting - Pitching for Texas (APP) Rangers : RHP Tony Gutierrez
|
Pitching: RHP Bryan Hicken
|
|
Batting: RHB Daniel Molina
|
0-0: Ball 1-0: Ball 2-0: Swinging Strike 2-1: Foul Ball, location: 2F 2-2: Foul Ball, location: 2F 2-2: SINGLE (Line Drive, 9S, EV 97.5 MPH)
|
Batting: RHB Shawn Jansen
|
0-0: Called Strike Daniel Molina steals 2nd base 0-1: Fly out, F5 (Line Drive, 56, EV 85.6 MPH)
|
Batting: LHB David Coatney
|
0-0: Ball 1-0: Called Strike Daniel Molina steals 3rd base 1-1: Ball 2-1: Fly out, F4 (Popup, 4MS, EV 71.9 MPH)
|
Batting: RHB Jesse Sargent
|
0-0: Foul Ball, location: 2F 0-1: 2-RUN HOME RUN (Flyball, 9D, EV 98.8 MPH), Distance : 368 ft
|
Batting: LHB Kevin Feldman
|
0-0: Ball 1-0: Ball 2-0: Ball 3-0: Base on Balls
|
Pinch Hitting: SHB Cesar Carrasquillo
|
0-0: Called Strike 0-1: Called Strike 0-2: Ball 1-2: Foul Ball, location: 2F 1-2: 2-RUN HOME RUN (Flyball, 9D, EV 97.5 MPH), Distance : 381 ft
|
Pitching: RHP Tamirat Abboud
|
|
Batting: RHB Kyle Gray
|
0-0: Ball 1-0: Swinging Strike 1-1: Ball 2-1: Foul Ball, location: 2F 2-2: Strikes out looking
|
Bottom of the 7th over - 4 runs, 3 hits, 0 errors, 0 left on base; Texas (APP) 5 - Orem 5 |
TOP OF THE 8TH |
Texas (APP) Rangers batting - Pitching for Orem Owlz : RHP Jim Sawicki
|
Now in CF: Brendan Garoutte
|
|
Pinch Hitting: SHB Albert Ortiz
|
0-0: Swinging Strike 0-1: Ball 1-1: Ball 2-1: Called Strike 2-2: Ball 3-2: SINGLE (Groundball, 34D, EV 100.0 MPH)
|
Batting: RHB Pat Martin
|
0-0: Bunted foul 0-1: Sac Bunt to 15 - play at first, batter OUT! 1-4 Albert Ortiz to second
|
Pitching: RHP Nick Kempson
|
|
Batting: SHB Tyler Romo
|
0-0: Called Strike 0-1: Ball 1-1: Ball 2-1: Swinging Strike 2-2: Foul Ball, location: 2F 2-2: Strikes out swinging
|
Batting: SHB Tim Rogers
|
0-0: DOUBLE (Line Drive, 78M, EV 96.9 MPH) Albert Ortiz scores
|
Batting: LHB Tony Gutierrez
|
0-0: Foul Ball, location: 2F 0-1: DOUBLE (Line Drive, 7LD, EV 112.5 MPH) Tim Rogers scores
|
Batting: RHB Jerry Foster
|
0-0: Called Strike 0-1: Foul Ball, location: 2F 0-2: Ball 1-2: Strikes out swinging
|
Top of the 8th over - 2 runs, 3 hits, 0 errors, 1 left on base; Texas (APP) 7 - Orem 5 |
BOTTOM OF THE 8TH |
Orem Owlz batting - Pitching for Texas (APP) Rangers : RHP Tamirat Abboud
|
Now at 1B: Bobby Scott
|
|
Batting: RHB Fred Saxton
|
0-0: Called Strike 0-1: Ground out 5-3 (Groundball, 56S, EV 67.5 MPH)
|
Batting: SHB Manuel Martinez
|
0-0: Ball 1-0: Swinging Strike 1-1: Called Strike 1-2: Ball 2-2: Ball 3-2: Base on Balls
|
Batting: RHB Daniel Molina
|
0-0: Ball 1-0: Ball 2-0: Called Strike 2-1: 2-RUN HOME RUN (Flyball, 89XD, EV 101.9 MPH), Distance : 429 ft
|
Batting: RHB Shawn Jansen
|
0-0: Ball 1-0: Ball 2-0: Ball 3-0: Called Strike 3-1: Base on Balls
|
Batting: LHB David Coatney
|
0-0: Called Strike 0-1: Ball 1-1: Ball 2-1: Called Strike Shawn Jansen steals 2nd base 2-2: Ball 3-2: Intentional Walk
|
Batting: RHB Jesse Sargent
|
0-0: Foul Ball, location: 2F 0-1: Called Strike 0-2: Fly out, F8 (Line Drive, 8RM, EV 106.2 MPH)
|
Batting: LHB Kevin Feldman
|
0-0: Ground out 5-3 (Groundball, 5L, EV 83.8 MPH)
|
Bottom of the 8th over - 2 runs, 1 hit, 0 errors, 2 left on base; Texas (APP) 7 - Orem 7 |
TOP OF THE 9TH |
Texas (APP) Rangers batting - Pitching for Orem Owlz : RHP Nick Kempson
|
Batting: RHB Ryan Salas
|
0-0: SINGLE (Groundball, 4MD, EV 98.1 MPH)
|
Batting: RHB Robert Topete
|
0-0: Ball 1-0: Called Strike 1-1: Foul Ball, location: 2F 1-2: Fielders Choice at 2nd, 6-4 (Groundball, 6MD, EV 79.4 MPH)
|
Batting: RHB Josh Shoemaker
|
0-0: Ball 1-0: Foul Ball, location: 2F 1-1: Ball 2-1: Ball 3-1: Foul Ball, location: 2F 3-2: Strikes out looking
|
Pitching: RHP Arnold Frye
|
|
Batting: LHB Bobby Scott
|
0-0: Called Strike 0-1: Ball 1-1: Ball 2-1: Swinging Strike 2-2: Ground out 4-3 (Groundball, 4, EV 89.4 MPH)
|
Top of the 9th over - 0 runs, 1 hit, 0 errors, 1 left on base; Texas (APP) 7 - Orem 7 |
BOTTOM OF THE 9TH |
Orem Owlz batting - Pitching for Texas (APP) Rangers : RHP Tamirat Abboud
|
Batting: RHB Brendan Garoutte
|
0-0: Called Strike 0-1: Ball 1-1: Foul Ball, location: 2F 1-2: Ball 2-2: Foul Ball, location: 2F 2-2: Strikes out swinging
|
Batting: RHB Kyle Gray
|
0-0: Called Strike 0-1: Ball 1-1: Foul Ball, location: 2F 1-2: Foul Ball, location: 2F 1-2: DOUBLE (Flyball, 8RXD, EV 92.5 MPH) - OUT at third base trying to stretch hit.
|
Pitching: RHP Ian Wilson
|
|
Batting: RHB Fred Saxton
|
0-0: Foul Ball, location: 2F 0-1: Fly out, F9 (Line Drive, 89M, EV 92.5 MPH)
|
Bottom of the 9th over - 0 runs, 1 hit, 0 errors, 0 left on base; Texas (APP) 7 - Orem 7 |
TOP OF THE 10TH |
Texas (APP) Rangers batting - Pitching for Orem Owlz : RHP Arnold Frye
|
Batting: RHB Pat Martin
|
0-0: TRIPLE (Line Drive, 89D, EV 99.4 MPH)
|
Batting: SHB Tyler Romo
|
0-0: Swinging Strike 0-1: Foul Ball, location: 2F 0-2: SINGLE (Groundball, 6, EV 98.1 MPH) Pat Martin scores
|
Batting: SHB Tim Rogers
|
0-0: Bunted foul 0-1: Ball 1-1: Called Strike Tyler Romo is caught stealing 2nd base 2-6 1-2: Ball 2-2: SINGLE (Line Drive, 34D, EV 97.5 MPH)
|
Batting: LHB Tony Gutierrez
|
0-0: Ball 1-0: Ball 2-0: Bunt missed! 2-1: Ball 3-1: Bunt missed! 3-2: Fly out, F4 (Popup, 34, EV 28.1 MPH)
|
Batting: RHB Jerry Foster
|
0-0: Called Strike 0-1: Ground out 6-3 (Groundball, 6S, EV 77.5 MPH)
|
Top of the 10th over - 1 run, 3 hits, 0 errors, 1 left on base; Texas (APP) 8 - Orem 7 |
BOTTOM OF THE 10TH |
Orem Owlz batting - Pitching for Texas (APP) Rangers : RHP Ian Wilson
|
Batting: SHB Manuel Martinez
|
0-0: Called Strike 0-1: Foul Ball, location: 2F 0-2: Strikes out looking
|
Batting: RHB Daniel Molina
|
0-0: Foul Ball, location: 2F 0-1: Foul Ball, location: 2F 0-2: Ball 1-2: Foul Ball, location: 2F 1-2: Strikes out looking
|
Batting: RHB Shawn Jansen
|
0-0: Ball 1-0: Ball 2-0: Fly out, F9 (Flyball, 89M, EV 74.4 MPH)
|
Bottom of the 10th over - 0 runs, 0 hits, 0 errors, 0 left on base; Texas (APP) 8 - Orem 7 |
|